 Dungeon Crawl Stone Soup version 0.26-a0-651-gb41185065b (webtiles) character file.

Game seed: 17100810485052710155

142 Lanoc the Ducker (level 5, 0/45 HPs)
             Began as a Minotaur Fire Elementalist on Oct 2, 2020.
             Slain by a worker ant (4 damage)
             ... on level 4 of the Dungeon.
             The game lasted 00:02:44 (1911 turns).

Lanoc the Ducker (Minotaur Fire Elementalist)       Turns: 1911, Time: 00:02:45

Health: 0/45       AC:  2    Str: 12    XL:     5   Next: 4%
Magic:  0/6        EV: 13    Int: 13    God:
Gold:   71         SH:  0    Dex: 11    Spells: 5/6 levels left

rFire    . . .     SeeInvis .   (no weapon)
rCold    . . .     Faith    .   (no shield)
rNeg     . . .     Spirit   .   a - +0 robe
rPois    .         Reflect  .   (helmet restricted)
rElec    .         Harm     .   (no cloak)
rCorr    .         Rampage  .   (no gloves)
MR       .....                  (no boots)
Stlth    ++........             (no amulet)
HPRegen  0.15/turn              (no ring)
MPRegen  0.10/turn              (no ring)

@: lethally poisoned (0 -> -7), very slightly contaminated
A: retaliatory headbutt, horns 2
a: no special abilities


You were on level 4 of the Dungeon.
You visited 1 branch of the dungeon, and saw 4 of its levels.

You collected 71 gold pieces.

Inventory:

Missiles
 f - 6 curare-tipped darts (quivered)
Armour
 a - a +0 robe (worn)
Jewellery
 h - an uncursed ring of fire
Scrolls
 b - a scroll of identify {unknown}
 d - a scroll of enchant weapon {unknown}
 e - a scroll of remove curse {unknown}
 i - a scroll of amnesia {unknown}
Potions
 c - a potion of degeneration {unknown}
 g - a potion of curing {unknown}


   Skills:
 + Level 3.1 Fighting
 + Level 3.7 Dodging
 - Level 1.5 Stealth
 - Level 1.3 Spellcasting
 - Level 0.6 Conjurations
 + Level 3.0 Fire Magic


You had 5 spell levels left.
You knew the following spells:

 Your Spells              Type           Power        Failure   Level
a - Foxfire               Conj/Fire      #...         13%         1

Your spell library contained the following spells:

 Spells                   Type           Power        Failure   Level
 Conjure Flame            Conj/Fire      #.......     36%         3
 Inner Flame              Hex/Fire       #.......     41%         3
 Sticky Flame             Conj/Fire      #.......     77%         4
 Fireball                 Conj/Fire      #.........   98%         5


Dungeon Overview and Level Annotations

Branches:
Dungeon (4/15)
 Temple: D:4-7

Altars:
Fedhas


Innate Abilities, Weirdness & Mutations

You reflexively headbutt those who attack you in melee.
You have a pair of horns on your head.


Message History

The worker ant is severely wounded.
The worker ant bites you.
You feel sick.
Casting: Foxfire (safe; 13% risk of failure)
Confirm with . or Enter, or press ? or * to list all spells.
You conjure some foxfire!
The worker ant bites you.
* * * LOW HITPOINT WARNING * * *
Casting: Foxfire (safe; 13% risk of failure)
Confirm with . or Enter, or press ? or * to list all spells.
You miscast Foxfire.
You are very lightly contaminated with residual magic.
Nothing appears to happen.
The foxfire hits the worker ant.
The worker ant is severely wounded.
The foxfire hits the worker ant.
The worker ant is severely wounded.
The worker ant bites you.
* * * LOW HITPOINT WARNING * * *
You are lethally poisoned!
The worker ant poisons you! The worker ant bites you.
You die...

#. #.#.#..##
#.####.####........
...................
.......<...........
..####.####..##...
..####. #..# .#
.......####..##..#.
...................
.....#.#.##@.##..#.
...........a.# .#
..##.#.#.##..# #
#.#.#.##..... #
#.#.##..#...#
.............
.............
............ ...
......


You could see a worker ant.

Vanquished Creatures
  An ogre (D:3)
  3 adders
  A worm (D:3)
  A dart slug (D:2)
  A leopard gecko (D:3)
  2 orcs (D:3)
  A giant cockroach (D:1)
  A goblin (D:3)
  2 hobgoblins (D:3)
  3 jackals (D:3)
  2 quokkas (D:3)
  2 bats (D:3)
  4 kobolds
  4 rats
28 creatures vanquished.

Vanquished Creatures (others)
  59 foxfires
59 creatures vanquished.

Grand Total: 87 creatures vanquished

Notes
Turn   | Place    | Note
-------+----------+-------------------------------------------
     0 | D:1      | Lanoc the Minotaur Fire Elementalist began the quest for
                  | the Orb.
     0 | D:1      | Reached XP level 1. HP: 14/14 MP: 1/1
   342 | D:3      | Reached skill level 1 in Fighting
   342 | D:3      | Reached XP level 2. HP: 9/23 MP: 0/3
   588 | D:3      | Found a blossoming altar of Fedhas.
   872 | D:3      | Reached XP level 3. HP: 26/29 MP: 2/4
  1052 | D:3      | Noticed an ogre
  1099 | D:3      | Killed an ogre
  1099 | D:3      | Reached XP level 4. HP: 15/37 MP: 2/5
  1844 | D:4      | Reached XP level 5. HP: 45/45 MP: 1/6
  1911 | D:4      | Slain by a worker ant

Illustrated notes

Levels and vault maps discovered:
D:1:      nagdon_arrival_zigzag_paths, layout_basic
D:2:      layout_basic, dancing_weapons_uskayaw, elyvilon_altar_3
D:3:      layout_rooms, minmay_curled_crystal, hangedman_decor_slide_cut,
          fedhas_altar_2
D:4:      layout_basic, uniq_eustachio

Skill      XL: |  1  2  3  4 |
---------------+-------------+-----
Fighting       | 1 2 3 |  3.1
Dodging        | 3 |  3.7
Fire Magic     | 3 |  3.0
Stealth        | |  1.5
Spellcasting   | |  1.3
Conjurations   | |  0.6

Action                   |  1- 3 |  4- 6 || total
-------------------------+-------+-------++-------
Melee: Unarmed           |    52 |    43 ||    95
       Headbutt          |     4 |     4 ||     8
Throw: Dart              |     2 |       ||     2
 Cast: Foxfire           |    19 |    20 ||    39
 Stab: Sleeping          |     2 |       ||     2
Armor: Robe              |     8 |     3 ||    11
Dodge: Dodged            |    42 |    35 ||    77

Table legend: (Time is in decaauts)
 A = Elapsed time spent in this place.
 B = Non-inter-level travel time spent in this place.
 C = Inter-level travel time spent in this place.
 D = Time resting spent in this place.
 E = Time spent auto-exploring this place.
 F = Levels seen in this place.
 G = Mean time per level.
                   A        B        C        D        E       F      G
               +--------+--------+--------+--------+--------+-----+--------+
         Total |   1910 |   1870 |     40 |     31 |   1549 |   4 |  477.5 |
       Dungeon |   1910 |   1870 |     40 |     31 |   1549 |   4 |  477.5 |
               +--------+--------+--------+--------+--------+-----+--------+

Top non-repeatable levels by time:
     D:3: 1549 daAuts
     D:1: 208 daAuts
     D:2: 79 daAuts
     D:4: 72 daAuts
